 Dungeon Crawl Stone Soup version 0.28.0-53-g5a82cb258f (console) character file.

Game seed: 10297471952987584584

2717 DuloT34 the Basher (level 9, 0/79 HPs)
             Began as a Ghoul Gladiator on June 6, 2022.
             Was a Follower of Makhleb.
             Slain by a fire elemental (5 damage)
             ... created by the fiery vengeance of Ignis
             ... on level 8 of the Dungeon.
             The game lasted 00:55:32 (9180 turns).

DuloT34 the Basher (Ghoul Gladiator)                Turns: 9180, Time: 00:55:35

Health: 0/79       AC: 11    Str: 20    XL:     9   Next: 66%
Magic:  8/8        EV: 11    Int:  6    God:    Makhleb [*.....]
Gold:   365        SH:  0    Dex: 12    Spells: 8/8 levels left

rFire   . . .      SeeInvis .   o - +2 dire flail
rCold   + . .      Faith    .   (shield currently unavailable)
rNeg    + + +      Spirit   .   j - +0 scale mail
rPois   ∞          Reflect  .   x - +2 helmet {Int+3}
rElec   .          Harm     .   (no cloak)
rCorr   .          Rampage  .   (no gloves)
Will    .....                   (no boots)
Stlth   ..........              e - amulet of magic regeneration
HPRegen 0.00/turn               i - ring of flight
MPRegen 0.51/turn               (no ring)

@: flying, inhibited regen, fire susceptible
A: claws 1, cold resistance 1, negative energy resistance 3, inhibited
regeneration, torment resistance 2
a: Renounce Religion


You were on level 8 of the Dungeon.
You worshipped Makhleb.
Makhleb was aware of your devotion.
You visited 2 branches of the dungeon, and saw 9 of its levels.

You collected 365 gold pieces.

Inventory:

Hand Weapons
 f - a +1 whip of electrocution
 o - a +2 dire flail (weapon)
 u - a +2 flail of protection
Missiles
 d - 3 throwing nets
 t - 13 poisoned darts (quivered)
Armour
 j - a +0 scale mail (worn)
 p - a +0 plate armour
 x - a +2 helmet of intelligence (worn)
Jewellery
 e - an amulet of magic regeneration (around neck)
 i - a ring of flight (left claw)
 r - a ring of magical power
 w - a ring of ice
Wands
 a - a wand of mindburst (5)
 m - a wand of iceblast (1)
 s - a wand of paralysis (8)
Scrolls
 g - 4 scrolls of teleportation
 l - a scroll of fear
 q - 2 scrolls of amnesia
Potions
 b - 3 potions of flight
 c - 2 potions of attraction {unknown}
 h - 2 potions of heal wounds
 k - 2 potions of cancellation
 n - 2 potions of curing
 v - a potion of haste


   Skills:
 + Level 7.2 Fighting
 + Level 8.2 Maces & Flails
 - Level 1.7 Throwing
 + Level 6.6 Armour
 - Level 3.0 Dodging


You had 8 spell levels left.
You didn't know any spells.
Your spell library was empty.

Dungeon Overview and Level Annotations

Branches:
Dungeon (8/15)             Temple (1/1) D:6
   Lair: D:8-11

Altars:
Cheibriados
Dithmenos
Elyvilon
Fedhas
Gozag
Hepliaklqana
Kikubaaqudgha
Makhleb
Nemelex Xobeh
Qazlal
Ru
Uskayaw
Vehumet
Wu Jian
Xom
The Shining One
Ignis

Shops:
D:1 (   D:5 (


Innate Abilities, Weirdness & Mutations

You thrive by killing the living.
You are immune to poison.
You have sharp fingernails.
Your flesh is cold resistant. (rC+)
You are immune to negative energy. (rN+++)
You do not regenerate when monsters are visible.
You are immune to unholy pain and torment.


Message History

You puncture the howler monkey!
You kill the howler monkey!
Makhleb accepts your kill.
You feel better.
No target in view!
No target in view!
You see here a howler monkey corpse.
Ignis wails with rage, and rains down burning fury! 3 fire elementals come into view.
You barely miss the fire elemental. You puncture the fire elemental!
The fire elemental is heavily damaged.
The fire elemental closely misses you. The fire elemental barely misses you.
You hit the fire elemental.
The fire elemental is heavily damaged.
The fire elemental hits you. The fire elemental burns you!
The fire elemental hits you. The fire elemental burns you!
You hit the fire elemental.
The fire elemental is severely damaged.
The fire elemental hits you. The fire elemental burns you!
The fire elemental hits you. The fire elemental burns you!
You are too injured to fight recklessly!
You are too injured to fight recklessly!
You are too injured to fight recklessly!
You closely miss the fire elemental.
The fire elemental is heavily damaged.
The fire elemental closely misses you. x2
You closely miss the fire elemental.
The fire elemental is heavily damaged.
The fire elemental hits you. The fire elemental burns you!
* * * LOW HITPOINT WARNING * * *
The fire elemental misses you. The fire elemental closely misses you.
You closely miss the fire elemental.
The fire elemental is heavily damaged.
The fire elemental hits you. The fire elemental burns you!
* * * LOW HITPOINT WARNING * * *
The fire elemental hits you. The fire elemental burns you!
* * * LOW HITPOINT WARNING * * *
The fire elemental hits you. The fire elemental burns you!
You die...

..#...##
#...... #
#...$.#
#.#.....######
#.............
#.....#
#.....#
....[.##E##
##### #@# #E#
#E#
#########.#
........(.#
###
.#######..##
#..
##...###>##
#.#
#.......>..
#.# ##...###.#


You could see 3 fire elementals.

Vanquished Creatures
  A wraith (D:7)
  Eustachio (D:4)
  A steam dragon (D:7)
  2 black bears
  A sky beast (D:7)
  2 orc warriors
  A necrophage (D:5)
  3 centaurs
  2 phantoms
  A kobold brigand (D:6)
  A bullfrog (D:7)
  Blork the orc (D:5)
  2 water moccasin skeletons
  2 howler monkeys (D:8)
  A centaur zombie (D:4)
  4 hounds
  3 jellies
  6 orc priests
  3 bullfrog skeletons
  3 iguanas
  5 orc wizards
  A howler monkey zombie (D:8)
  7 gnolls
  A howler monkey skeleton (D:6)
  6 adders
  A shadow imp (D:7)
  2 ufetubi
  3 worms
  2 dart slugs
  26 orcs
  2 bats (D:3)
  5 endoplasms
  2 giant cockroaches
  8 goblins
  5 hobgoblins
  5 kobolds
  2 quokkas
  7 ball pythons
  2 frilled lizards
  8 rats
141 creatures vanquished.

Vanquished Creatures (others)
  A foxfire (D:5)
  3 withered plants (D:5)
4 creatures vanquished.

Grand Total: 145 creatures vanquished

Notes
Turn   | Place    | Note
-------+----------+-------------------------------------------
     0 | D:1      | DuloT34 the Ghoul Gladiator began the quest for the Orb.
     0 | D:1      | Reached XP level 1. HP: 17/17 MP: 0/0
    86 | D:1      | Found a faded altar of an unknown god.
   145 | D:1      | Prayed at the altar of an unknown god.
   145 | D:1      | Became a worshipper of Ignis, the Dying Flame
   427 | D:1      | Reached XP level 2. HP: 25/25 MP: 1/1
   791 | D:1      | Reached skill level 3 in Maces & Flails
   950 | D:1      | Found Qenuimif's Antique Weapon Shop.
  1586 | D:2      | Reached XP level 3. HP: 30/30 MP: 2/2
  2114 | D:3      | Reached XP level 4. HP: 24/39 MP: 3/3
  2233 | D:3      | Noticed a black bear
  2245 | D:3      | Killed a black bear
  2246 | D:3      | Reached skill level 4 in Maces & Flails
  2246 | D:3      | Reached XP level 5. HP: 17/47 MP: 4/4
  2811 | D:3      | Reached XP level 6. HP: 53/53 MP: 5/5
  3447 | D:4      | Reached skill level 1 in Armour
  3557 | D:4      | Reached skill level 5 in Fighting
  3801 | D:4      | Noticed an orc warrior
  3807 | D:4      | Killed an orc warrior
  3808 | D:4      | Reached XP level 7. HP: 54/61 MP: 6/6
  3940 | D:4      | Noticed Eustachio
  3961 | D:4      | Killed Eustachio
  3962 | D:4      | Reached skill level 5 in Maces & Flails
  4511 | D:5      | Entered Level 5 of the Dungeon
  4977 | D:5      | Reached XP level 8. HP: 62/70 MP: 7/7
  5039 | D:5      | Reached skill level 6 in Maces & Flails
  5453 | D:5      | Found Vucyitiu's Antique Weapon Shop.
  5534 | D:5      | Noticed Blork the orc
  5542 | D:5      | Killed Blork the orc
  5661 | D:5      | Found an ancient bone altar of Kikubaaqudgha.
  5790 | D:5      | Found a hide-covered altar of Uskayaw.
  6126 | D:6      | Reached skill level 5 in Armour
  6174 | D:6      | Reached skill level 7 in Maces & Flails
  6601 | D:6      | Found a staircase to the Ecumenical Temple.
  6607 | Temple   | Entered the Ecumenical Temple
  6670 | Temple   | Fell from the grace of Ignis
  6670 | Temple   | Became a worshipper of Makhleb the Destroyer
  6853 | D:6      | Found a snail-covered altar of Cheibriados.
  6915 | D:6      | You are sucked into a shaft and drop 1 floor!
  6936 | D:7      | Reached XP level 9. HP: 56/75 MP: 8/8
  7704 | D:7      | Paralysed by an orc wizard for 2 turns
  8131 | D:7      | Noticed a skeletal warrior
  8629 | D:7      | Reached skill level 8 in Maces & Flails
  8883 | D:7      | Reached * piety under Makhleb
  8884 | D:7      | Found an opulent altar of Gozag.
  8884 | D:7      | Found a sacrificial altar of Ru.
  8884 | D:7      | Noticed a skeletal warrior
  8901 | D:7      | Noticed a skeletal warrior
  9180 | D:8      | Slain by a fire elemental

Illustrated notes

Levels and vault maps discovered:
D:1:      onia_arrival_mini_maze_b, layout_loops_corners, serial_shops,
          nicolae_shop_overgrown_old_shop, shapermc_ecumenical_altar_hornbeckon
D:2:      layout_rooms, guppyfry_early_lair_pool
D:3:      minmay_spotlight, layout_loops_ring, serial_bayou_crossing
D:4:      layout_basic, guppyfry_early_orc_mine, uniq_eustachio
D:5:      layout_loops_ring, gammafunk_temple_overflow_elements,
          kiku_gazebo_garden_becter, serial_shops, nicolae_shop_waterfront,
          minmay_hedge_maze, nicolae_concentric_dashed_squares_mild,
          bh_walls_and_bars, uniq_blork_the_orc
D:6:      kennysheep_spiral_hall, layout_basic, cheibrodos_worm_habitat,
          minmay_temple_entry_fiery
D:7:      layout_basic, nicolae_overflow_quartered_altars
D:8:      layout_loops_corners, kennysheep_orc_sif_temple, zin_academy,
          minmay_joined_circles
Temple:   eino_temple_lava

Skill      XL: |  1  2  3  4  5  6  7  8  9 |
---------------+----------------------------+-----
Maces & Flails | 3 4 5 7 8 |  8.2
Dodging        | 3 |  3.0
Fighting       | 3 4 5 6 7 |  7.2
Armour         | 1 3 5 6 |  6.6
Throwing       | |  1.7

Action                   |  1- 3 |  4- 6 |  7- 9 || total
-------------------------+-------+-------+-------++-------
Melee: Flail             |    52 |       |       ||    52
       Whip              |    51 |   132 |    15 ||   198
       Punch             |     2 |       |       ||     2
       Dire flail        |       |       |   338 ||   338
Invok: Fiery Armour      |       |     1 |     1 ||     2
       Foxfire Swarm     |       |       |     1 ||     1
Evoke: Wand              |       |     2 |     4 ||     6
  Use: Scroll            |     6 |     5 |     7 ||    18
 Stab: Sleeping          |     1 |       |       ||     1
       Paralysed         |       |       |     3 ||     3
Armor: Leather armour    |    29 |    11 |       ||    40
       Scale mail        |       |    34 |   165 ||   199
Dodge: Dodged            |    65 |    66 |   168 ||   299
